 Dungeon Crawl Stone Soup version 0.26-a0-720-g2a1d101370 (webtiles) character file.

Game seed: 14616293513842012378

161977 mhtbhm the Peltast (level 17, 0/156 HPs)
             Began as a Minotaur Berserker on Nov 3, 2020.
             Was the Champion of Trog.
             Slain by a naga warrior
             ... wielding a +0 flail
              (22 damage)
             ... on level 4 of the Snake Pit.
             The game lasted 00:55:16 (29796 turns).

mhtbhm the Peltast (Minotaur Berserker)            Turns: 29796, Time: 00:55:16

Health: 0/156      AC: 24    Str: 31    XL:     17   Next: 21%
Magic:  16/16      EV: 15    Int: 10    God:    Trog [******]
Gold:   3115       SH: 25    Dex: 11    Spells: 16/16 levels left

rFire    + . .     SeeInvis +   a - +4 broad axe (vorpal)
rCold    . . .     Faith    .   n - +1 tower shield {AC+3}
rNeg     . . .     Spirit   .   b - +3 scale mail of the Demon Prince {-Cast Harm +Inv +Fly}
rPois    +         Reflect  .   V - +1 hat
rElec    +         Harm     +   p - +0 cloak {MR+}
rCorr    .         Rampage  .   q - +2 pair of gloves {Str+3}
MR       ++...     Clarity  +   f - +2 pair of boots Stlth +.........NoCast +
                                d - amulet of Trepidation {rElec rF+ Regen+}
HPRegen  0.76/turn              D - ring of poison resistance
MPRegen  0.15/turn              S - +6 ring of intelligence

@: lethally poisoned (0 -> -3), berserk cooldown, slowed, very slow
A: retaliatory headbutt, horns 2, see invisible, clarity
a: Berserk, Trog's Hand, Brothers in Arms, Renounce Religion, Evoke
Invisibility, Evoke Flight


You were on level 4 of the Snake Pit.
You worshipped Trog.
Trog was exalted by your worship.
You visited 4 branches of the dungeon, and saw 24 of its levels.
You also visited: Ossuary and Volcano.

You collected 3887 gold pieces.
You spent 772 gold pieces at shops.

Inventory:

Hand Weapons
 a - a +4 vorpal broad axe (weapon)
 z - a +4 antimagic broad axe
Missiles
 O - a throwing net (quivered)
Armour
 b - the +3 scale mail of the Demon Prince (worn) {-Cast Harm +Inv +Fly}
   (You found it on level 4 of the Dungeon)

   It lets you turn invisible.
   It lets you fly.
   It prevents spellcasting.
   It increases damage dealt and taken.
 f - a +2 pair of boots (worn)
 j - a +2 kite shield of reflection
 n - a +1 tower shield of protection (worn)
 p - a +0 cloak of magic resistance (worn)
 q - a +2 pair of gloves of strength (worn)
 V - a +1 hat (worn)
Jewellery
 d - the amulet of Trepidation (around neck) {rElec rF+ Regen+}
   (You acquired it on level 6 of the Lair of Beasts)

   [amulet of regeneration]

   It protects you from fire.
   It insulates you from electricity.
   It increases your rate of regeneration.
 g - an uncursed ring of flight
 w - an uncursed amulet of the acrobat {unknown}
 D - a ring of poison resistance (left hand)
 F - an uncursed ring of protection from magic
 S - a +6 ring of intelligence (right hand)
Wands
 C - a wand of disintegration (27)
 M - a wand of acid (25)
 N - a wand of digging (3)
 X - a wand of iceblast (20)
Scrolls
 h - a scroll of magic mapping
 l - 2 scrolls of immolation
 m - 7 scrolls of teleportation
 o - 20 scrolls of remove curse
 s - 3 scrolls of enchant weapon
 u - 6 scrolls of fog
 A - 2 scrolls of blinking
 P - a scroll of brand weapon
 U - 2 scrolls of enchant armour
Potions
 c - 3 potions of heal wounds
 e - 8 potions of flight
 i - 15 potions of curing
 k - 3 potions of might
 r - 6 potions of haste
 t - 3 potions of berserk rage
 x - 2 potions of mutation
 B - 2 potions of cancellation {unknown}
 K - a potion of invisibility
 Q - a potion of stabbing
 W - 2 potions of resistance {unknown}
Miscellaneous
 v - a condenser vane (2/2)
 L - a tin of tremorstones (3/3)


   Skills:
 + Level 15.2 Fighting
 + Level 19.0 Axes
 + Level 0.4 Throwing
 + Level 12.0 Armour
 + Level 10.5 Dodging
 + Level 4.5 Stealth
 + Level 20.4 Shields
 + Level 3.0 Evocations


You had 16 spell levels left.
You didn't know any spells.
Your spell library was empty.

Dungeon Overview and Level Annotations

Branches:
Dungeon (12/15)            Temple (0/1) D:7            Lair (6/6) D:10
  Swamp (0/4) Lair:4        Snake (4/4) Lair:4        Slime (0/5) Lair:6
    Orc (2/2) D:11            Elf (0/3) Orc:2       Ossuary (visited)
Volcano (visited)

Altars:
Ashenzari
Cheibriados
Dithmenos
Elyvilon
Fedhas
Gozag
Makhleb
Qazlal
Ru
Trog
Uskayaw
Vehumet
Beogh
Jiyva

Shops:
D:11 ([   Orc:1 }   Orc:2 =([(   Snake:1 [   Snake:4 =


Innate Abilities, Weirdness & Mutations

You reflexively headbutt those who attack you in melee.
You have a pair of horns on your head.
You have supernaturally acute eyesight. (SInv)
You possess an exceptional clarity of mind.


Message History

* * * LOW HITPOINT WARNING * * *
The naga warrior constricts you.
The naga mage mumbles some strange words.
The naga mage seems to speed up.
Unknown command.
You closely miss the guardian serpent.
The guardian serpent is almost dead.
You slice the naga warrior!! x2
You kill the naga warrior!
Trog accepts your kill.
You feel sick.
You block the guardian serpent's attack.
The guardian serpent casts a spell at you.
The bolt of poison hits you!
You are more poisoned.
You resist.
* * * LOW HITPOINT WARNING * * *
You block the naga mage's attack. x2
The naga warrior hits you with a +0 flail!!
You die...

.≈≈ ##### ≈§≈ ##...## .≈≈§
##.....##.≈≈§≈ #.......#.≈§§
#.......'.§ #....†N)#
#####..)NS## ## #([)##.N@#)##
.###### #(#)#####C)(#
......###.#((≈≈§#..)## #
...∩......#()≈§≈##..(## ##
.....#....##..§§≈##...### ###.
....##.....##.§§.≈##...(######...
..####......##).≈≈≈##...(.)..))..
.## #.......##..§≈≈##..........#
## #........##..≈≈§###.(....###


You could see a naga warrior, a guardian serpent, 2 naga magi and a friendly
stone giant (summoned, berserk).

Vanquished Creatures
  Gastronok (Lair:3)
  Donald (Snake:3)
  6 nagarajas
  2 orc warlords
  5 entropy weavers (Lair:3)
  The ghost of Deed the Peltast, a journeyman MiFi of Wu Jian (Lair:3)
  Snorg (Lair:3)
  An ettin (D:11)
  Fannar (D:11)
  17 naga warriors
  5 hydras
  3 ghost crabs (Lair:3)
  A rakshasa (D:12)
  2 centaur warriors (D:11)
  A death knight (D:11)
  3 anacondas
  Erica (D:11)
  A catoblepas (Lair:6)
  An ogre mage (D:9)
  2 two-headed ogres
  A dancing weapon (Volcano)
  3 death yaks (Lair:6)
  A deep troll shaman (Lair:6)
  7 shock serpents
  2 orc high priests
  17 naga sharpshooters
  6 fire crabs (Lair:3)
  Nergalle (D:11)
  A skeletal warrior (D:11)
  6 salamander mystics (Snake:4)
  5 wizards (Volcano)
  3 orc knights
  3 naga ritualists
  The ghost of YayAnonymity the Basher, a novice GrFi of Qazlal (D:6)
  5 lindwurms
  2 unseen horrors
  The ghost of Grant146 the Chopper, a novice MiBe of Trog (D:6)
  10 mana vipers
  4 orc sorcerers
  A deep elf mage (D:12)
  3 manticores
  5 toenail golems (Volcano)
  23 naga magi
  11 elephants
  11 salamanders
  An apocalypse crab (Lair:3)
  32 black mambas
  4 guardian serpents
  2 gargoyles (D:12)
  Maggie (Lair:1)
  11 cane toads
  A freezing wraith (D:11)
  3 rime drakes
  A kobold demonologist (D:9)
  8 komodo dragons
  2 trolls
  A queen bee (Lair:3)
  2 polar bears
  A hornet (Lair:3)
  8 blink frogs
  9 dream sheep
  A wraith (D:10)
  3 wyverns
  4 fire bats (Lair:6)
  56 yaks
  5 vampire mosquitoes
  A basilisk (Lair:4)
  3 wargs (Orc:1)
  A soldier ant (D:11)
  31 water moccasins
  An acid dragon (D:12)
  50 nagas
  44 orc warriors
  3 sky beasts
  An ice beast (D:11)
  2 necrophages
  2 eyes of draining (D:5)
  3 black bears (D:10)
  2 phantoms
  8 ogres
  9 centaurs
  12 wolves
  5 big kobolds
  20 bullfrogs
  3 water moccasin zombies (Ossuary)
  5 scorpions
  A water moccasin skeleton (D:6)
  A wyvern skeleton (D:10)
  5 killer bees (Lair:3)
  A howler monkey (D:4)
  7 wights
  An electric eel (Lair:4)
  5 centaur zombies
  A gnoll shaman (D:10)
  23 orc priests
  Crazy Yiuf (D:3)
  5 hounds
  4 jellies
  32 orc wizards
  3 bullfrog skeletons
  2 centaur skeletons
  4 iguanas
  3 iron imps (D:3)
  15 worker ants
  2 big kobold zombies (Ossuary)
  A hound zombie (D:9)
  A hound skeleton (D:11)
  3 mummies
  8 gnolls
  18 adders
  4 white imps
  2 ufetubi
  4 oozes
  4 adder zombies (Ossuary)
  2 worms (D:2)
  A dart slug (D:1)
  6 leopard geckos
  91 orcs
  10 bats
  10 giant cockroaches
  2 gnoll zombies (Ossuary)
  9 goblins
  7 hobgoblins
  4 jackals (D:10)
  5 quokkas
  6 ball pythons
  A frilled lizard (D:3)
  A goblin zombie (D:6)
  6 hobgoblin zombies
  15 kobolds
  5 kobold zombies (Ossuary)
  5 orc zombies (Ossuary)
  3 rats
  A bush (D:3)
  A fungus (Lair:5)
  A plant (Lair:6)
904 creatures vanquished.

Vanquished Creatures (collateral kills)
  A naga ritualist (Snake:4)
  A meliai (Lair:3)
  An orc warrior (D:11)
  A jelly (D:11)
  An orc (D:11)
5 creatures vanquished.

Vanquished Creatures (others)
  88 fungi
  93 plants
  A withered plant (D:6)
182 creatures vanquished.

Grand Total: 1091 creatures vanquished

Notes
Turn   | Place    | Note
-------+----------+-------------------------------------------
     0 | D:1      | mhtbhm the Minotaur Berserker began the quest for the Orb.
     0 | D:1      | Reached XP level 1. HP: 19/19 MP: 0/0
   356 | D:1      | Reached XP level 2. HP: 27/27 MP: 1/1
  1037 | D:2      | Reached ** piety under Trog
  1037 | D:2      | Reached XP level 3. HP: 30/34 MP: 2/2
  1383 | D:2      | Reached XP level 4. HP: 39/41 MP: 3/3
  2055 | D:3      | Reached skill level 5 in Axes
  2202 | D:3      | Found a runed translucent door.
  2203 | D:3      | Noticed Crazy Yiuf
  2209 | D:3      | Killed Crazy Yiuf
  2209 | D:3      | Reached XP level 5. HP: 47/47 MP: 4/4
  2804 | D:3      | Reached skill level 1 in Shields
  2831 | D:3      | Found a burning altar of Makhleb.
  2846 | D:3      | Reached skill level 1 in Stealth
  2875 | D:3      | Reached XP level 6. HP: 25/55 MP: 5/5
  3216 | D:4      | Got a distressingly furry scale mail
  3222 | D:4      | Identified the +3 scale mail of the Demon Prince {-Cast
                  | Harm +Inv +Fly} (You found it on level 4 of the Dungeon)
  3243 | D:4      | Found a radiant altar of Vehumet.
  3255 | D:4      | Reached skill level 5 in Fighting
  3255 | D:4      | Reached skill level 2 in Shields
  3291 | D:4      | Found a white marble altar of Elyvilon.
  3506 | D:4      | Found a stormy altar of Qazlal.
  3599 | D:4      | Found a blossoming altar of Fedhas.
  3659 | D:4      | Reached *** piety under Trog
  3659 | D:4      | Reached XP level 7. HP: 44/61 MP: 6/6
  3760 | D:4      | Reached skill level 3 in Shields
  4037 | D:5      | Entered Level 5 of the Dungeon
  4085 | D:5      | Found a sacrificial altar of Ru.
  4138 | D:5      | Found a bloodstained altar of Trog.
  4154 | D:5      | Reached skill level 5 in Armour
  4324 | D:5      | Reached XP level 8. HP: 70/70 MP: 7/7
  4407 | D:5      | Found a white marble altar of Elyvilon.
  4602 | D:5      | Reached skill level 4 in Shields
  4731 | D:5      | Found an opulent altar of Gozag.
  4962 | D:6      | Found a sand-covered staircase.
  5011 | Ossuary  | Entered an ossuary
  5065 | Ossuary  | Reached **** piety under Trog
  5262 | D:6      | Found a runed translucent gate.
  5262 | D:6      | Found a runed translucent gate.
  5262 | D:6      | Found a runed translucent gate.
  5392 | D:6      | Reached XP level 9. HP: 74/77 MP: 8/8
  5447 | D:6      | Found a shadowy altar of Dithmenos.
  5450 | D:6      | Reached skill level 5 in Shields
  5496 | D:6      | Noticed YayAnonymity's ghost (novice GrFi)
  5496 | D:6      | Noticed Grant146's ghost (novice MiBe)
  5513 | D:6      | Killed Grant146's ghost
  5513 | D:6      | Reached skill level 10 in Axes
  5520 | D:6      | Killed YayAnonymity's ghost
  5520 | D:6      | Reached skill level 6 in Shields
  5722 | D:6      | You fall into a shaft and drop 3 floors!
  5722 | D:9      | Noticed a five-headed hydra
  5727 | D:9      | Killed a seven-headed hydra
  5727 | D:9      | Reached skill level 7 in Shields
  5727 | D:9      | Reached skill level 1 in Evocations
  5890 | D:9      | Found a hide-covered altar of Uskayaw.
  5999 | D:9      | Noticed a two-headed ogre
  6005 | D:9      | Killed a two-headed ogre
  6005 | D:9      | Reached skill level 5 in Dodging
  6005 | D:9      | Reached XP level 10. HP: 86/86 MP: 9/9
  6179 | D:9      | Reached ***** piety under Trog
  6215 | D:9      | Found a transporter.
  6217 | D:9      | Noticed an ogre mage
  6219 | D:9      | Found a broken altar of Ashenzari.
  6219 | D:9      | Found a transporter.
  6263 | D:9      | Reached skill level 8 in Shields
  6377 | D:9      | Killed an ogre mage
  6377 | D:9      | Reached skill level 9 in Shields
  6619 | D:8      | Noticed a four-headed hydra
  6627 | D:8      | Killed an eight-headed hydra
  7058 | D:8      | Reached XP level 11. HP: 77/94 MP: 10/10
  7159 | D:8      | Found a radiant altar of Vehumet.
  7214 | D:8      | Gained mutation: You possess an exceptional clarity of
                  | mind. [potion of mutation]
  7214 | D:8      | Gained mutation: You have supernaturally acute eyesight.
                  | (SInv) [potion of mutation]
  7537 | D:7      | Found a staircase to the Ecumenical Temple.
  7559 | D:7      | Reached skill level 10 in Shields
  7958 | D:10     | Entered Level 10 of the Dungeon
  8018 | D:10     | Noticed a two-headed ogre
  8047 | D:10     | Killed a two-headed ogre
  8104 | D:10     | Found a staircase to the Lair.
  8267 | D:10     | Reached skill level 11 in Shields
  8590 | D:10     | Reached ****** piety under Trog
  8937 | Lair:1   | Entered Level 1 of the Lair of Beasts
  8943 | Lair:1   | Noticed Maggie
  8995 | Lair:1   | Killed Maggie
  9216 | Lair:1   | Reached skill level 12 in Shields
  9532 | Lair:1   | Reached XP level 12. HP: 84/104 MP: 11/11
  9864 | Lair:1   | Found a snail-covered altar of Cheibriados.
 10712 | Lair:2   | Reached skill level 13 in Shields
 10713 | Lair:2   | Reached skill level 10 in Fighting
 10715 | Lair:2   | Received a gift from Trog
 11785 | Lair:3   | Noticed Gastronok
 11806 | Lair:3   | Killed Gastronok
 11806 | Lair:3   | Reached skill level 14 in Shields
 11901 | Lair:3   | Found a runed translucent door.
 11927 | Lair:3   | Noticed Snorg
 11944 | Lair:3   | Killed Snorg
 12060 | Lair:3   | Reached XP level 13. HP: 98/116 MP: 12/12
 12215 | Lair:3   | Found a transporter.
 12215 | Lair:3   | Found a transporter.
 12238 | Lair:3   | Noticed Deed's ghost (journeyman MiFi)
 12713 | Lair:3   | Noticed an entropy weaver
 12872 | Lair:3   | Killed an entropy weaver
 13547 | Lair:3   | Noticed an entropy weaver
 13568 | Lair:3   | Killed an entropy weaver
 13863 | Lair:3   | Noticed an entropy weaver
 13877 | Lair:3   | Killed an entropy weaver
 13961 | Lair:3   | Reached skill level 15 in Shields
 14246 | Lair:3   | Noticed an entropy weaver
 14257 | Lair:3   | Killed an entropy weaver
 14443 | Lair:3   | Noticed an entropy weaver
 14461 | Lair:3   | Killed an entropy weaver
 15034 | Lair:4   | Found a staircase to the Swamp.
 15069 | Lair:4   | Reached skill level 10 in Armour
 15403 | Lair:4   | Reached skill level 15 in Axes
 15637 | Lair:4   | Found a staircase to the Snake Pit.
 15647 | Lair:4   | Received a gift from Trog
 15886 | Lair:4   | Reached XP level 14. HP: 125/125 MP: 13/13
 16288 | Lair:5   | Reached skill level 16 in Shields
 16842 | Lair:6   | Entered Level 6 of the Lair of Beasts
 16842 | Lair:6   | Found a staircase to the Slime Pits.
 16842 | Lair:6   | Found a viscous altar of Jiyva.
 16905 | Lair:6   | Found a dark tunnel.
 17001 | Volcano  | Entered a volcano
 17280 | Volcano  | Identified 2 scrolls of acquirement
 17620 | Lair:6   | Received a gift from Trog
 18641 | Lair:6   | Acquired 1035 gold pieces
 18646 | Lair:6   | Acquired the amulet of Trepidation {rElec rF+ Regen+}
 19040 | Snake:1  | Entered Level 1 of the Snake Pit
 19284 | Lair:3   | Killed Deed's ghost
 19582 | D:11     | Noticed Fannar
 19590 | D:11     | Killed Fannar
 19907 | D:11     | Found Myic's Armour Boutique.
 19908 | D:11     | Found a staircase to the Orcish Mines.
 19914 | D:11     | Received a gift from Trog
 19915 | D:11     | Found Nyfaet's Weapon Boutique.
 20060 | Orc:1    | Entered Level 1 of the Orcish Mines
 20065 | Orc:1    | Paralysed by an orc sorcerer for 5 turns
 20078 | Orc:1    | Found Meuduolo's Gadget Emporium.
 20083 | Orc:1    | HP: 4/127 [ettin/+0 dire flail (28)]
 20468 | D:11     | Noticed Erica
 20474 | D:11     | Killed Erica
 20484 | D:11     | Reached skill level 17 in Shields
 20610 | D:11     | Noticed Nergalle
 20622 | D:11     | Killed Nergalle
 21146 | D:12     | Reached XP level 15. HP: 134/134 MP: 14/14
 21244 | D:12     | Received a gift from Trog
 22393 | Orc:1    | Bought a condenser vane (2/2) for 220 gold pieces
 22541 | Orc:2    | Entered Level 2 of the Orcish Mines
 22552 | Orc:1    | Noticed an orc warlord
 22576 | Orc:1    | Killed an orc warlord
 22652 | Orc:1    | Received a gift from Trog
 22712 | Orc:1    | Found a roughly hewn altar of Beogh.
 23392 | Orc:2    | Found a roughly hewn altar of Beogh.
 23434 | Orc:2    | Found a roughly hewn altar of Beogh.
 23435 | Orc:2    | Found Viocuv's Jewellery Boutique.
 23459 | Orc:2    | Bought an uncursed ring of poison resistance for 280 gold
                  | pieces
 23551 | Orc:2    | Found a staircase to the Elven Halls.
 23565 | Orc:2    | Found a roughly hewn altar of Beogh.
 23605 | Orc:2    | Found Udumpega's Antique Weapon Shop.
 23753 | Orc:2    | Noticed an orc warlord
 23754 | Orc:2    | Received a gift from Trog
 23760 | Orc:2    | Found Hoedgh's Antique Weapon Shop.
 23762 | Orc:2    | Found a roughly hewn altar of Beogh.
 23771 | Orc:2    | Killed an orc warlord
 23824 | Orc:2    | Found Jilef's Antique Armour Boutique.
 23879 | Orc:2    | Bought a glowing scarf for 272 gold pieces
 24041 | Orc:2    | Found a roughly hewn altar of Beogh.
 24341 | D:11     | Identified the cursed +0 chain mail of Pan-Flutes {rElec
                  | MR++ Dex+2 Stlth-}
 24346 | D:11     | Identified the cursed +0 plate armour "Ofutzee" {SInv}
 24702 | Snake:1  | Found Plog's Armour Shop.
 24717 | Snake:1  | Reached skill level 18 in Shields
 24728 | Snake:1  | Received a gift from Trog
 25580 | Snake:1  | Got a translucent ring mail
 25586 | Snake:1  | Identified the cursed +0 ring mail of the Bull {MR++ rCorr}
                  | (You found it on level 1 of the Snake Pit)
 25657 | Snake:1  | Got a transparent kite shield
 25663 | Snake:1  | Identified the +0 kite shield of Lust {rF+} (You found it
                  | on level 1 of the Snake Pit)
 26056 | Snake:1  | You fall into a shaft and drop 1 floor!
 27044 | Snake:2  | Reached XP level 16. HP: 145/145 MP: 15/15
 27299 | Snake:3  | Reached skill level 10 in Dodging
 27531 | Snake:3  | Received a gift from Trog
 27574 | Snake:3  | Reached skill level 19 in Shields
 28095 | Snake:3  | Noticed Donald
 28112 | Snake:3  | Killed Donald
 28582 | Snake:4  | Entered Level 4 of the Snake Pit
 28955 | Snake:4  | Received a gift from Trog
 29162 | Snake:4  | Found Qot Mada's Jewellery Shoppe.
 29389 | Snake:4  | Reached skill level 20 in Shields
 29686 | Snake:4  | Reached XP level 17. HP: 152/154 MP: 16/16
 29770 | Snake:4  | Reached skill level 15 in Fighting
 29773 | Snake:4  | Received a gift from Trog
 29774 | Snake:4  | Found the +14 obsidian axe {vorpal, +Fly SInv *Curse}
 29796 | Snake:4  | Slain by a naga warrior

Illustrated notes

Levels and vault maps discovered:
D:1:      saegor_arrival_miasma, layout_basic
D:2:      layout_loops_ring, minmay_3d_cube
D:3:      layout_rooms, demons_altar, dk_noncrumbling_3, uniq_crazy_yiuf_cottage
D:4:      layout_basic, lemuel_doored_altar,
          grunt_temple_overflow_forces_of_nature, lemuel_altar_in_water
D:5:      layout_basic, nicolae_ru_awakened_eye, trog_eyes_of_draining,
          nicolae_overflow_crystal_walls, minmay_misc_feat_rows,
          elyvilon_altar_3
D:6:      layout_rooms, gammafunk_ghost_cemetery, nicolae_ossuary_entry_giza,
          grunt_dithmenos_smoke
D:7:      layout_basic, minmay_temple_entry_mist
D:8:      layout_basic, lemuel_crystal_altar
D:9:      layout_roguey, gammafunk_temple_overflow_arena,
          eat_drink_and_be_merry_uskayaw
D:10:     layout_irregular_city, due_lair_maze_entry_diamond
D:11:     layout_irregular_city, orc_david_3, uniq_fannar, uniq_nergalle,
          uniq_erica
D:12:     layout_grid_maze
Lair:1:   layout_chaotic_city, lemuel_centaur_altar, lemuel_fruit_tree,
          grunt_megastairs_4, serial_bayou_shore_b, infiniplex_staircase_pool_2,
          uniq_maggie
Lair:2:   layout_gridlike
Lair:3:   gammafunk_mikee_crab_dinner, layout_gridlike, gammafunk_ghost_hive,
          serial_bayou_ford_a, uniq_gastronok, uniq_snorg
Lair:4:   layout_regular_city, minmay_swamp_entry_swarm,
          minmay_snake_entry_six_corridors, st_stairs_4
Lair:5:   layout_regular_city
Lair:6:   grunt_lair_end_beastmaster, layout_gridlike, slime_altar_1,
          nicolae_volcano_entry_lava_flow
Snake:1:  layout_chambers, serial_shops, shop, serial_bayou_pond_d
Snake:2:  layout_chambers
Snake:3:  layout_grid_shapes, serial_bayou_shore_b, grunt_megastairs_2,
          uniq_donald
Snake:4:  snake_pit_salamanders_mu, layout_cave_town, serial_shops, shop
Orc:1:    orc_temple, layout_caves, serial_shops, shop
Orc:2:    grunt_orc_community_town_hall, layout_caves,
          grunt_orc_community_big_house_2, grunt_orc_community_big_house_1,
          grunt_orc_community_house_2, grunt_orc_community_house_1,
          grunt_orc_community_house_2, grunt_orc_community_house_3,
          gauntlet_entry_generic

Skill      XL: |  1  2  3  4  5  6  7  8  9 10 11 12 13 14 15 16 17 |
---------------+----------------------------------------------------+-----
Fighting       | 4 5 6 7 8 9 11 12 13 14 15 | 15.2
Axes           | 4 5 6 7 9 11 12 14 15 16 18 19 | 19.0
Dodging        | 3 4 5 6 8 9 10 | 10.5
Armour         | 3 5 6 7 8 10 11 12 | 12.0
Shields        | 1 2 3 4 7 9 12 14 15 17 18 20 | 20.4
Stealth        | 1 2 3 4 |  4.5
Evocations     | 1 2 3 |  3.0
Throwing       | |  0.4

Action                   |  1- 3 |  4- 6 |  7- 9 | 10-12 | 13-15 | 16-18 || total
-------------------------+-------+-------+-------+-------+-------+-------++-------
Melee: Hand axe          |    56 |   191 |   207 |   560 |   277 |       ||  1291
       Headbutt          |     8 |    39 |    62 |   136 |   251 |    77 ||   573
       Broad axe         |       |       |       |       |   826 |   374 ||  1200
Throw: Dart              |       |       |       |     5 |       |       ||     5
       Throwing net      |       |       |       |       |     1 |       ||     1
Invok: Berserk           |     1 |     2 |     5 |    11 |    22 |     7 ||    48
       Brothers in Arms  |       |       |       |       |     2 |     2 ||     4
 Abil: Evoke Invisibilit |       |       |     1 |     1 |     1 |       ||     3
       Evoke Flight      |       |       |       |     2 |       |       ||     2
Evoke: Wand              |       |       |       |       |     3 |     3 ||     6
       Tin of tremorston |       |       |       |       |     1 |       ||     1
       Condenser vane    |       |       |       |       |     2 |       ||     2
  Use: Scroll            |     3 |       |     8 |     5 |    18 |     9 ||    43
       Potion            |       |       |       |     1 |     4 |     1 ||     6
 Stab: Sleeping          |     1 |       |       |       |       |       ||     1
       Invisible         |       |       |     2 |     3 |       |       ||     5
Armor: Animal skin       |    14 |    10 |       |       |       |       ||    24
       Chain mail        |       |    25 |       |       |       |       ||    25
       Scale mail        |       |     7 |    47 |   118 |   286 |    77 ||   535
Dodge: Dodged            |    37 |    39 |    42 |   105 |   225 |    78 ||   526
Block: Tower shield      |     2 |    84 |   110 |   503 |   981 |   438 ||  2118

Table legend: (Time is in decaauts)
 A = Elapsed time spent in this place.
 B = Non-inter-level travel time spent in this place.
 C = Inter-level travel time spent in this place.
 D = Time resting spent in this place.
 E = Time spent auto-exploring this place.
 F = Levels seen in this place.
 G = Mean time per level.
                   A        B        C        D        E       F      G
               +--------+--------+--------+--------+--------+-----+--------+
         Total |  29853 |  29745 |    108 |   6273 |  15054 |  26 | 1148.2 |
       Dungeon |  11691 |  11691 |      0 |   1792 |   6820 |  12 |  974.2 |
          Lair |  10226 |  10177 |     49 |   2987 |   4427 |   6 | 1704.3 |
     Snake Pit |   5232 |   5173 |     59 |   1215 |   2501 |   4 | 1308.0 |
  Orcish Mines |   2031 |   2031 |      0 |    203 |   1011 |   2 | 1015.5 |
       Ossuary |    161 |    161 |      0 |      0 |     27 |   1 |  161.0 |
       Volcano |    509 |    509 |      0 |     75 |    266 |   1 |  509.0 |
               +--------+--------+--------+--------+--------+-----+--------+

Top non-repeatable levels by time:
  Lair:3: 3345 daAuts
  Lair:1: 1948 daAuts
 Snake:1: 1540 daAuts
  Lair:6: 1501 daAuts
  Lair:4: 1499 daAuts
    D:11: 1452 daAuts
 Snake:2: 1399 daAuts
    D:12: 1338 daAuts
 Snake:4: 1173 daAuts
 Snake:3: 1119 daAuts
     D:3: 1111 daAuts
  Lair:2: 1108 daAuts
   Orc:2: 1085 daAuts
     D:2: 1071 daAuts
     D:1: 1000 daAuts
